Map: Lerilak Crest

Players

TBoothPuppy

  • Race: Zerg Zerg
  • League: Diamond

LilDicky - Winner!

  • Race: Terran Terran
  • League: Diamond

VOD

http://www.twitch.tv/tumescentpie

Description

Time

  • Played on: Dec. 10, 2015, 5:47 p.m.
  • Length: 6:38
Show
View Real Time Build Order
Export as new Build Order

TBoothPuppy Zerg 

Build Orders: Hatch First 

Get SALT Encoding   

  12  0:01  Drone  
  13  0:12  Overlord  
  13  0:19  Drone  
  14  0:30  Drone  
  14  0:31  Drone  
  16  0:37  Drone  
  17  0:55  Drone  
  17  0:56  Hatchery  
  17  1:09  Spawning Pool  
  16  1:12  Drone  
  17  1:20  Overlord  
  17  1:22  Drone  
  18  1:32  Drone  
  19  1:40  Drone  
  20  1:55  Queen  
  20  1:56  Drone  
  20  2:00  Zergling x2  
  24  2:08  Queen  
  26  2:10  Overlord  
  26  2:11  Drone  
  27  2:19  Drone  
  28  2:24  Drone  
  29  2:34  Queen  
  31  2:37  Drone x2  
  31  2:42  Drone  
  34  2:46  Drone  
  35  2:53  Zergling x2  
  35  2:55  Drone  
  35  2:57  Hatchery  
  36  3:02  Drone  
  37  3:14  Overlord, Drone, Extractor  
  37  3:15  Drone x2, Extractor  
  37  3:17  Queen  
  40  3:22  Drone x4  
  44  3:36  Spore Crawler  
  44  3:37  Spore Crawler  
  44  3:39  Drone  
  43  3:41  Drone  
  43  3:42  Drone x3  
  43  3:43  Zergling x4  
  48  4:00  Metabolic Boost  
  48  4:03  Zergling x6  
  48  4:04  Overlord  
  48  4:05  Overlord  
  51  4:16  Zergling x2  
  52  4:20  Drone  
  52  4:21  Baneling Nest, Zergling x4  
  54  4:31  Drone  
  55  4:35  Drone x2  
  55  4:36  Drone x6  
  63  4:44  Zergling x2  
  62  4:47  Queen  
  65  5:05  Overlord  
  65  5:07  Overlord, Extractor  
  65  5:10  Extractor  
  60  5:15  Zergling x4  
  60  5:16  Zergling x2  
  61  5:27  Overlord  
  52  5:29  Zergling x6  
  54  5:36  Zergling x2  
  54  5:38  Roach Warren, Zergling x2  
  54  5:43  Spine Crawler  
  54  5:44  Spine Crawler  
  54  5:45  Spine Crawler, Zergling x2  
  54  5:46  Spine Crawler  
  51  5:54  Zergling x4  
  54  6:04  Zergling x2  
Show
View Real Time Build Order
Export as new Build Order

LilDicky Terran - Winner!

Build Orders: 1/1/1, Liberator Opening 

Get SALT Encoding   

  12  0:01  SCV  
  13  0:13  SCV  
  14  0:20  Supply Depot  
  14  0:26  SCV  
  15  0:30  Refinery  
  15  0:42  SCV  
  16  0:49  Barracks  
  16  0:54  SCV  
  17  1:06  SCV  
  18  1:18  SCV  
  19  1:29  Refinery  
  19  1:30  SCV  
  20  1:37  Marine  
  20  1:38  Supply Depot  
  21  1:42  Orbital Command  
  21  1:45  Factory  
  21  1:57  Marine  
  22  2:10  SCV  
  22  2:15  Marine  
  24  2:23  SCV  
  24  2:28  Armory  
  24  2:29  Starport  
  25  2:33  Factory Tech Lab, Marine  
  25  2:36  SCV  
  27  2:41  Supply Depot  
  27  2:48  SCV  
  27  2:51  Marine  
  29  3:00  SCV  
  30  3:12  SCV  
  31  3:14  Thor  
  31  3:16  Marine  
  38  3:25  Supply Depot  
  38  3:30  Medivac  
  40  3:43  Liberator  
  40  3:44  Marine  
  40  3:48  SCV  
  42  3:58  Supply Depot  
  42  4:00  SCV  
  46  4:07  Marine  
  47  4:12  Siege Tank  
  50  4:18  SCV  
  51  4:25  Marine  
  51  4:30  SCV  
  53  4:48  Liberator  
  52  5:03  Siege Tank  
  58  5:10  Command Center  
  55  5:30  SCV  
  56  5:37  Factory  
  56  5:41  Barracks  
  56  5:42  SCV  
  56  5:43  Barracks  
  56  5:44  Barracks  
  56  5:46  Barracks x2  
Tags
 
Add a new tag
Caveats
  • Supply blocks, unpowered buildings, or Contaminate may cause inaccurate times.
  • Supply counts are checked every 10 seconds.